Map: Submarine LE

Players

Silky - Winner!

  • Race: Zerg Zerg
  • Spawn Location: 11:00

Cuddlebear

  • Race: Terran Terran
  • League: Master
  • Spawn Location: 5:00

Event: DreamHack SC2 Masters 2020 Fall

VOD

Have the link to the VOD?

Description

Time

  • Played on: Sept. 6, 2020, 3:39 p.m.
  • Length: 13:41

All games in this series

Show
View Real Time Build Order
Export as new Build Order

Silky Zerg - Winner!

Build Orders: Pool First, Muta Ling Bane 

Get SALT Encoding   

  12  0:01  Drone  
  13  0:12  Overlord  
  13  0:17  Drone  
  14  0:31  Drone x2  
  16  0:40  Spawning Pool  
  15  0:45  Drone  
  15  0:48  Drone  
  17  1:08  Hatchery  
  17  1:10  Drone  
  17  1:25  Extractor  
  16  1:26  Zergling x4  
  16  1:28  Zergling x2  
  16  1:31  Queen  
  21  1:38  Overlord  
  21  1:53  Drone  
  22  2:01  Drone  
  23  2:07  Queen  
  25  2:11  Drone  
  26  2:20  Queen  
  28  2:24  Drone x2  
  28  2:27  Metabolic Boost  
  30  2:31  Drone  
  30  2:34  Drone  
  31  2:46  Drone x4  
  34  2:51  Overlord  
  34  3:05  Hatchery  
  33  3:09  Drone x2  
  35  3:14  Drone x2  
  35  3:18  Overlord  
  37  3:20  Drone  
  37  3:22  Drone  
  37  3:25  Drone  
  40  3:27  Drone  
  40  3:28  Drone  
  42  3:35  Queen  
  42  3:39  Baneling Nest  
  42  3:40  Drone  
  44  3:41  Drone  
  44  3:45  Drone  
  46  3:49  Overlord  
  46  3:50  Overlord  
  46  3:52  Zergling x2  
  47  3:56  Zergling x4  
  47  4:02  Zergling x6  
  52  4:08  Overlord  
  52  4:10  Lair  
  52  4:13  Queen  
  52  4:17  Drone x2  
  55  4:18  Drone  
  55  4:21  Zergling x2  
  58  4:24  Spore Crawler  
  58  4:27  Spore Crawler  
  58  4:28  Spore Crawler  
  58  4:29  Drone  
  58  4:31  Zergling x2  
  57  4:33  Zergling x2  
  57  4:34  Zergling x2  
  57  4:37  Drone x2  
  61  4:39  Drone  
  61  4:44  Drone x3  
  65  4:47  Overlord  
  65  4:49  Drone  
  65  4:52  Drone  
  67  4:53  Extractor x2  
  67  4:54  Drone  
  67  4:55  Drone  
  67  4:56  Drone  
  67  4:58  Drone  
  68  5:01  Drone  
  69  5:08  Drone x6  
  75  5:15  Overlord  
  75  5:18  Drone x2  
  75  5:19  Drone  
  75  5:21  Overseer  
  78  5:23  Centrifical Hooks  
  78  5:27  Drone x2, Extractor x2  
  72  5:29  Drone x3  
  73  5:38  Drone x2  
  73  5:39  Drone, Overlord  
  74  5:43  Drone  
  74  5:47  Drone  
  74  5:48  Spire  
  76  5:50  Drone  
  76  5:52  Drone x3  
  76  5:54  Drone  
  76  5:55  Extractor  
  76  5:56  Drone x2  
  81  5:58  Overseer  
  81  6:00  Drone x2  
  81  6:02  Hatchery  
  82  6:08  Zergling x2  
  82  6:09  Evolution Chamber, Zergling x4  
  82  6:10  Evolution Chamber  
  83  6:13  Drone  
  83  6:17  Drone x2  
  83  6:22  Zergling x4  
  83  6:23  Zergling x10  
  89  6:28  Zergling x2  
  89  6:29  Overlord x2  
  89  6:32  Overlord x2  
  90  6:37  Zerg Ground Armor Level 1, Zerg Melee Weapons Level 1  
  90  6:43  Baneling  
  90  6:44  Baneling x8  
  90  6:45  Baneling x2  
  90  6:48  Zergling x4  
  90  6:49  Zergling x4  
  94  7:00  Mutalisk x4  
  102  7:03  Zergling x4  
  104  7:09  Drone x2  
  104  7:13  Drone  
  104  7:14  Drone x2, Queen  
  104  7:15  Mutalisk  
  105  7:18  Mutalisk  
  105  7:19  Mutalisk  
  105  7:22  Zergling x2  
  112  7:28  Zergling x8  
  110  7:34  Drone x2  
  110  7:35  Drone x2, Zergling x6  
  116  7:41  Mutalisk x3  
  116  7:43  Zergling x2  
  123  7:46  Zergling x2  
  123  7:47  Zergling x4  
  123  7:49  Hatchery  
  125  7:56  Mutalisk  
  126  7:58  Overlord x3  
  126  8:04  Zerg Flyer Weapons Level 1  
  119  8:08  Drone x5  
  119  8:09  Drone x2, Mutalisk x2  
  119  8:11  Overlord x2  
  127  8:17  Mutalisk x2  
  130  8:20  Overseer  
  130  8:21  Zergling x6  
  130  8:22  Zergling x2  
  131  8:28  Zergling x8  
  131  8:29  Zergling x4  
  131  8:32  Mutalisk  
  132  8:38  Zergling x14  
  138  8:45  Extractor  
  138  8:46  Mutalisk x2  
  138  8:48  Zergling x8  
  145  8:55  Zergling x2  
  145  8:56  Extractor, Zergling x10  
  145  8:59  Baneling x7  
  145  9:00  Baneling  
  145  9:02  Drone x2  
  152  9:03  Overseer  
  152  9:05  Zergling x6  
  151  9:13  Drone x4  
  155  9:19  Zerg Melee Weapons Level 2, Hatchery  
  154  9:25  Zerg Ground Armor Level 2  
  154  9:28  Spore Crawler  
  154  9:29  Spine Crawler, Zergling x4  
  154  9:30  Zergling x4  
  156  9:33  Pneumatized Carapace  
  156  9:37  Mutalisk  
  154  9:40  Zergling x4  
  154  9:41  Zergling x10  
  154  9:43  Overlord  
  160  9:48  Mutalisk x2  
  164  9:56  Mutalisk x2  
  167  10:02  Zergling x6  
  167  10:03  Zergling x18  
  179  10:07  Burrow  
  179  10:09  Mutalisk  
  181  10:14  Overlord  
  181  10:15  Overlord x2  
  181  10:19  Overlord  
  181  10:22  Infestation Pit  
  181  10:23  Mutalisk  
  181  10:25  Overlord  
  181  10:26  Overlord x2  
  182  10:30  Baneling x13  
  182  10:35  Zergling x4  
  182  10:36  Zergling x6  
  182  10:39  Overseer  
  181  10:45  Drone x3  
  181  10:47  Drone x3  
  181  10:48  Drone x3  
  181  10:49  Mutalisk  
  183  10:54  Drone x5  
  190  11:01  Hive  
  190  11:03  Mutalisk x2  
  194  11:05  Overseer  
  193  11:12  Baneling x10  
  193  11:16  Zergling x12  
  193  11:17  Zergling x2  
  187  11:28  Zergling x26  
  199  11:42  Zergling x2  
  200  11:52  Baneling x10  
  192  12:14  Zergling x64  
  197  12:21  Ultralisk Cavern  
  189  12:25  Zergling x2  
  189  12:26  Zergling x10  
  193  12:30  Zergling x8  
  186  12:42  Mutalisk x6  
  195  12:47  Zergling x8  
  199  12:51  Drone x2  
Show
View Real Time Build Order
Export as new Build Order

Cuddlebear Terran 

Build Orders: Reaper Expand, Banshee Rush 

Get SALT Encoding   

  12  0:00  SCV  
  13  0:12  SCV  
  14  0:16  Supply Depot  
  14  0:24  SCV  
  15  0:38  SCV  
  15  0:39  Barracks  
  16  0:43  Refinery  
  16  0:50  SCV  
  17  1:02  SCV  
  18  1:14  SCV  
  19  1:26  Orbital Command  
  19  1:27  Reaper  
  20  1:42  Command Center  
  20  1:51  Supply Depot  
  20  1:52  SCV  
  21  1:59  Marine  
  22  2:05  SCV  
  23  2:09  Factory  
  23  2:17  Marine  
  23  2:18  SCV  
  25  2:23  Refinery  
  24  2:31  SCV  
  24  2:43  SCV  
  25  2:47  Barracks Reactor  
  25  2:55  Starport, SCV  
  26  3:00  Factory Tech Lab  
  26  3:08  SCV  
  27  3:14  Command Center  
  27  3:20  Orbital Command  
  27  3:23  SCV  
  28  3:33  Hellion  
  30  3:35  SCV  
  30  3:37  Hellion  
  30  3:40  Cloaking Field  
  33  3:46  SCV  
  34  3:50  Banshee  
  34  3:53  SCV  
  38  3:58  SCV  
  38  3:59  Barracks Tech Lab  
  39  4:05  SCV  
  40  4:10  Barracks  
  40  4:14  SCV  
  40  4:16  Barracks  
  41  4:18  SCV  
  41  4:22  Marine  
  41  4:24  Stimpack, Supply Depot  
  43  4:26  Factory Reactor  
  43  4:29  Orbital Command  
  43  4:34  Banshee  
  43  4:37  SCV  
  47  4:38  SCV  
  47  4:43  Marine  
  49  4:49  SCV  
  49  4:50  SCV  
  51  4:52  Engineering Bay  
  51  4:55  SCV  
  51  4:57  Engineering Bay  
  52  5:01  SCV  
  52  5:02  Marine x2  
  52  5:03  SCV  
  56  5:07  SCV, Marine  
  56  5:13  SCV  
  59  5:14  Marine  
  59  5:15  Factory Reactor  
  59  5:16  Marine  
  59  5:20  Marine  
  50  5:24  SCV  
  50  5:25  SCV x2, Terran Infantry Weapons Level 1  
  50  5:27  Marine  
  47  5:34  Marine  
  44  5:36  SCV  
  44  5:37  SCV  
  44  5:39  Marine  
  44  5:42  Marine  
  47  5:45  SCV  
  49  5:50  SCV  
  49  5:51  SCV  
  51  5:57  Terran Infantry Armor Level 1  
  51  5:58  SCV  
  51  6:01  Marine  
  51  6:02  SCV  
  54  6:05  SCV  
  54  6:07  Medivac  
  54  6:10  Medivac  
  59  6:12  Marine  
  59  6:13  SCV  
  59  6:14  SCV  
  62  6:18  Marine  
  62  6:19  SCV  
  62  6:20  Marine x2  
  62  6:21  Marine  
  67  6:26  SCV  
  67  6:28  Factory Reactor  
  67  6:29  SCV  
  67  6:31  Marine  
  67  6:36  Marine  
  69  6:41  Orbital Command, Supply Depot  
  69  6:42  Refinery, Supply Depot  
  69  6:43  Refinery  
  69  6:46  Supply Depot  
  69  6:51  Marine  
  69  6:54  Supply Depot  
  69  6:57  Supply Depot  
  69  6:59  Supply Depot  
  69  7:02  Medivac x2, SCV x2  
  69  7:03  Marine x2  
  69  7:05  Armory  
  77  7:14  SCV, Marine x3  
  77  7:15  SCV x2  
  80  7:19  Widow Mine  
  80  7:21  Widow Mine, Marine  
  85  7:26  SCV  
  85  7:27  SCV  
  87  7:33  Medivac, Marine x3  
  87  7:35  Medivac, Marine  
  87  7:36  SCV  
  93  7:38  SCV  
  93  7:40  Marine  
  93  7:41  Combat Shield  
  95  7:46  SCV  
  95  7:50  Marine  
  97  7:51  Marine  
  97  7:52  SCV, Widow Mine x2  
  97  7:54  Terran Infantry Weapons Level 2  
  103  7:59  SCV x2  
  105  8:09  Marine x2  
  105  8:11  Medivac, Marine  
  105  8:12  Marine x2  
  98  8:14  Widow Mine x2  
  98  8:19  Medivac  
  104  8:24  Missile Turret  
  104  8:25  Barracks  
  101  8:27  Marine  
  101  8:28  Marine  
  101  8:29  Barracks, Marine  
  101  8:30  SCV  
  101  8:31  Marine  
  101  8:32  SCV  
  101  8:33  Terran Vehicle And Ship Armor Level 1  
  101  8:34  Marine  
  101  8:35  Missile Turret  
  101  8:39  Widow Mine  
  100  8:42  SCV  
  100  8:43  Missile Turret  
  100  8:44  Marine  
  100  8:45  Terran Infantry Armor Level 2  
  100  8:46  Marine  
  100  8:47  Marine  
  99  8:49  Marine  
  99  8:51  SCV  
  99  8:52  Marine  
  99  8:54  SCV x2  
  104  8:58  Medivac  
  104  8:59  Widow Mine  
  104  9:02  Marine  
  108  9:03  SCV  
  108  9:06  SCV  
  112  9:12  Refinery, Marine x4  
  112  9:14  Barracks Reactor  
  112  9:16  SCV  
  116  9:18  Factory  
  116  9:20  Marine  
  116  9:22  Command Center  
  117  9:30  Marine  
  117  9:31  Widow Mine x2  
  123  9:33  Marine  
  123  9:34  Marine, Barracks Reactor  
  123  9:37  Supply Depot  
  124  9:40  SCV  
  124  9:45  Sensor Tower  
  125  9:58  Marine x2  
  125  9:59  Medivac, Widow Mine x2  
  133  10:01  Marine  
  133  10:03  Supply Depot  
  133  10:04  Medivac  
  133  10:05  Supply Depot  
  133  10:06  Supply Depot  
  133  10:09  Supply Depot  
  133  10:12  Drilling Claws  
  133  10:15  Supply Depot  
  133  10:16  Barracks x2  
  133  10:18  Barracks  
  133  10:19  Terran Infantry Weapons Level 3  
  133  10:22  Supply Depot  
  133  10:23  SCV x2, Supply Depot, Marine x2  
  133  10:24  SCV, Widow Mine, Marine  
  133  10:27  Missile Turret  
  133  10:28  Missile Turret  
  143  10:29  Supply Depot, Marine  
  143  10:32  Marine x3  
  143  10:34  Medivac  
  147  10:40  Marine  
  147  10:48  Marine  
  147  10:49  Terran Vehicle And Ship Armor Level 2  
  140  10:52  Marine  
  140  10:53  Thor, Marine x4  
  149  11:02  Marine  
  150  11:08  Marine x2  
  150  11:10  Barracks Tech Lab x2  
  150  11:15  Marine  
  150  11:16  Barracks Tech Lab, Marine  
  150  11:17  Missile Turret  
  150  11:18  Missile Turret  
  152  11:19  Missile Turret  
  152  11:24  Widow Mine x2, Marine  
  142  11:29  Marine x4  
  142  11:30  Medivac  
  144  11:41  Marine  
  144  11:42  Marauder  
  144  11:45  Missile Turret, Widow Mine  
  144  11:47  Widow Mine, Marine x2  
  151  11:53  SCV  
  154  11:59  Marine  
  154  12:00  Marauder  
  157  12:04  Marine  
  157  12:05  Marauder  
  157  12:06  Marauder, Marine x2  
  144  12:18  Marauder, Marine  
  144  12:19  Marine x2  
  144  12:21  Marauder  
  140  12:25  Marine  
  140  12:26  Marauder  
  140  12:28  Marine  
  139  12:32  Marauder  
  121  12:38  SCV, Marine  
  121  12:39  SCV  
  121  12:42  Marine  
  116  12:44  Marine  
  116  12:45  Marine  
  116  12:50  SCV  
  116  12:52  SCV, Marine  
  116  12:55  Marauder, Marine  
  120  13:01  SCV, Widow Mine  
  120  13:02  SCV  
  120  13:04  SCV  
  121  13:14  SCV x2  
  121  13:16  Widow Mine x2  
  127  13:23  Missile Turret  

Tags
 
Add a new tag
Caveats
  • Supply blocks, unpowered buildings, or Contaminate may cause inaccurate times.
  • Supply counts are checked every 10 seconds.